 Dungeon Crawl Stone Soup version 0.29.1 (webtiles) character file.

Game seed: 8733941111266710225

896 Ordine the Shooter (level 8, -30/48 HPs)
             Began as a Tengu Hunter on Sept 14, 2022.
             Killed from afar by Maggie (31 damage)
             ... with a bolt of fire
             ... on level 6 of the Dungeon.
             The game lasted 00:09:16 (6512 turns).

Ordine the Shooter (Tengu Hunter)                   Turns: 6512, Time: 00:09:16

Health: -30/48     AC:  7    Str: 11    XL:     8   Next: 7%
Magic:  9/9        EV: 17    Int: 11    God:
Gold:   268        SH:  0    Dex: 19    Spells: 7/7 levels left

rFire   . . .      SeeInvis +   a - +0 shortbow
rCold   . . .      Faith    .   (shield currently unavailable)
rNeg    . . .      Spirit   .   B - +2 robe {Will+}
rPois   +          Reflect  .   (helmet restricted)
rElec   .          Harm     .   q - +0 cloak
rCorr   .          Rampage  .   x - +1 pair of gloves
Will    +....                   (boots unavailable)
Stlth   +++.......              C - amulet of the acrobat
HPRegen 0.16/turn               r - ring of see invisible
MPRegen 0.11/turn               E - ring of poison resistance

@: flying quickly and evasively, mesmerised, quick
A: beak, talons 3, nimble flight
a: no special abilities


You were on level 6 of the Dungeon.
You visited 1 branch of the dungeon, and saw 6 of its levels.

You collected 268 gold pieces.

Inventory:

Hand Weapons
 a - a +0 shortbow (weapon)
Armour
 q - a +0 cloak (worn)
 x - a +1 pair of gloves (worn)
 B - a +2 robe of willpower (worn)
Jewellery
 r - a ring of see invisible (left hand)
 C - an amulet of the acrobat (around neck)
 E - a ring of poison resistance (right hand)
Wands
 p - a wand of charming (26)
 s - a wand of flame (55)
Scrolls
 b - 2 scrolls of immolation
 c - a scroll of vulnerability {unknown}
 d - a scroll of fog
 f - 2 scrolls of teleportation
 g - a scroll of noise {unknown}
 k - a scroll of enchant armour {unknown}
 n - a scroll of magic mapping {unknown}
 o - a scroll of summoning {unknown}
 t - 2 scrolls of blinking {unknown}
 u - a scroll of enchant weapon {unknown}
 v - a scroll of identify {unknown}
 y - a scroll of poison {unknown}
Potions
 e - 2 potions of might {unknown}
 h - 4 potions of curing
 i - 2 potions of degeneration {unknown}
 j - a potion of brilliance {unknown}
 l - 2 potions of flight {unknown}
 m - 2 potions of mutation {unknown}
 w - a potion of haste {unknown}
 z - a potion of heal wounds {unknown}
 A - a potion of attraction {unknown}
 D - a potion of resistance {unknown}


   Skills:
 + Level 4.4 Fighting
 * Level 7.6 Ranged Weapons
 + Level 4.7 Dodging
 + Level 4.2 Stealth


You had 7 spell levels left.
You didn't know any spells.
Your spell library contained the following spells:

 Spells                   Type           Power      Damage    Failure   Level
 Magic Dart               Conj           0%         1d3       34%         1
 Call Imp                 Summ           0%         N/A       47%         2
 Mephitic Cloud           Conj/Pois/Air  0%         N/A       71%         3
 Hailstorm                Conj/Ice       0%         3d3       98%         4
 Ice Form                 Ice/Tmut       0%         N/A       98%         4
 Simulacrum               Ice/Necr       0%         N/A       100%        6


Dungeon Overview and Level Annotations

Branches:
Dungeon (6/15)
 Temple: D:4-7

Altars:
Elyvilon
Hepliaklqana
The Shining One

Shops:
D:2 =

Annotations:
D:6 Maggie


Innate Abilities, Weirdness & Mutations

You have a beak for a mouth.
You have claws for feet.
Your magical nature lets you fly swiftly and evasively.


Message History

You shoot an arrow.
The arrow hits Maggie but does no damage.
Maggie is heavily wounded.
Maggie gestures at you while chanting. The bolt of fire hits you!
You shoot an arrow. The arrow hits Maggie.
Maggie is severely wounded.
Maggie casts a spell at you. The bolt of fire hits you!
You are too injured to fight recklessly!
It was a potion of curing.
You feel better.
Maggie hits you with a +4 broad axe of flaming!
Maggie burns you.
You are too injured to fight recklessly!
Fire: a) +0 shortbow
Press: ? - help, Q - select action, (/) - cycle Shift-Dir - straight line, f/p - Maggie
Aim: Maggie, wielding a +4 broad axe of flaming and wearing +1 acid dragon scales (severely wounded, mesmerising, 66% to hit)
You shoot an arrow. The arrow hits Maggie!
Maggie is almost dead.
Maggie gestures wildly while chanting.
Maggie draws you further into her thrall.
Fire: a) +0 shortbow
Press: ? - help, Q - select action, (/) - cycle Shift-Dir - straight line, f/p - Maggie
Aim: Maggie, wielding a +4 broad axe of flaming and wearing +1 acid dragon scales (almost dead, mesmerising, 66% to hit)
You shoot an arrow. The arrow hits Maggie.
Maggie is almost dead.
Maggie hits you with a +4 broad axe of flaming!
* * * LOW HITPOINT WARNING * * *
Maggie burns you.
* * * LOW HITPOINT WARNING * * *
Unknown command.
Unknown command.
Fire: a) +0 shortbow
Press: ? - help, Q - select action, (/) - cycle Shift-Dir - straight line, f/p - Maggie
Aim: Maggie, wielding a +4 broad axe of flaming and wearing +1 acid dragon scales (almost dead, mesmerising, 66% to hit)
You shoot an arrow. The arrow closely misses Maggie.
Maggie casts a spell at you. The bolt of fire hits you!!
Ouch! That really hurt!
You die...

#.##....#.#.# ### #...#.....#
#.##....#.#.# ..#.#.###.###.#
#..#....#.#.###.#.#.# #.# #.#
######.#....#.#.....#.#.# #.#
#.. ............#.#...#.#.#.#
#.# ###
.......#..###.#(#.#.#.#.#
#.##### .......##.#
#...#...#.#.###.#....
.......##.#
#.#####.#.#.....#.###
.......##.###..@@.....#######.#
.......##..##.#####.........#.#
#......###....# #########.#.#
##.....# ###..# #.#.# .#.....#
##># #.#.# .......# ### #.#.#
.##.#### #...# ###.# #####
###.#


You could see Maggie (mesmerising).

Vanquished Creatures
  Edmund (D:4)
  An ice beast (D:6)
  2 ogres
  Blork the orc (D:5)
  A jelly (D:5)
  A hound (D:5)
  An orc priest (D:4)
  4 orc wizards
  An iguana (D:5)
  8 adders
  6 gnolls
  2 worms
  3 dart slugs
  18 orcs
  5 ball pythons
  7 endoplasms
  3 giant cockroaches
  3 hobgoblins (D:1)
  2 jackals (D:1)
  9 quokkas
  3 bats (D:1)
  5 frilled lizards
  6 goblins
  8 kobolds
  A rat (D:1)
102 creatures vanquished.

Vanquished Creatures (others)
  2 plants (D:3)
2 creatures vanquished.

Grand Total: 104 creatures vanquished

Notes
Turn   | Place    | Note
-------+----------+-------------------------------------------
     0 | D:1      | Ordine the Tengu Hunter began the quest for the Orb.
     0 | D:1      | Reached XP level 1. HP: 12/12 MP: 2/2
   327 | D:1      | Reached XP level 2. HP: 17/17 MP: 3/3
   449 | D:1      | Found a faded altar of an unknown god.
   461 | D:1      | Reached XP level 3. HP: 21/21 MP: 4/4
  1393 | D:2      | Found Ura Imapp's Jewellery Shoppe.
  1433 | D:2      | Reached skill level 5 in Ranged Weapons
  1532 | D:2      | Reached XP level 4. HP: 25/27 MP: 5/5
  2496 | D:3      | Gained mutation: Your magical nature lets you fly swiftly
                  | and evasively. [Tengu growth]
  2496 | D:3      | Reached XP level 5. HP: 32/32 MP: 6/6
  2759 | D:3      | Noticed an ogre
  2775 | D:3      | Killed an ogre
  2930 | D:3      | Reached XP level 6. HP: 16/37 MP: 7/7
  3300 | D:3      | Found a faded altar of an unknown god.
  3305 | D:3      | Found a hazy altar of Hepliaklqana.
  3307 | D:3      | Found a faded altar of an unknown god.
  3504 | D:4      | Reached skill level 6 in Ranged Weapons
  4410 | D:4      | Found a glowing golden altar of the Shining One.
  4426 | D:4      | Noticed Edmund
  4495 | D:4      | Killed Edmund
  4496 | D:4      | Reached XP level 7. HP: 41/41 MP: 8/8
  5046 | D:5      | Entered Level 5 of the Dungeon
  5188 | D:5      | Noticed Blork the orc
  5195 | D:5      | Killed Blork the orc
  5377 | D:5      | Reached skill level 7 in Ranged Weapons
  5889 | D:6      | Noticed Maggie
  6280 | D:6      | Found a white marble altar of Elyvilon.
  6296 | D:6      | Reached XP level 8. HP: 33/48 MP: 9/9
  6511 | D:6      | HP: 1/48 [Maggie/+4 broad axe of flaming (2)]
  6512 | D:6      | Killed from afar by Maggie

Illustrated notes

Levels and vault maps discovered:
D:1:      kennysheep_arrival_seaside, layout_basic,
          shapermc_ecumenical_altar_venn, serial_forest,
          infiniplex_forest_straight_4, infiniplex_forest_clump_long,
          infiniplex_forest_clump_curved, infiniplex_forest_3_way
D:2:      layout_loops_ring, serial_shops, nicolae_shop_trees
D:3:      layout_loops_ring, nicolae_hepliaklqana_ecumenical_no_more
D:4:      layout_loops_cross, mainiacjoe_overflow_catwalk, columned_hall_lemuel,
          mrwooster_statue_mirror, uniq_edmund
D:5:      layout_basic, uniq_blork_the_orc
D:6:      layout_basic, lemuel_round_altar, uniq_maggie

Skill      XL: |  1  2  3  4  5  6  7 |
---------------+----------------------+-----
Ranged Weapons | 5 6 7 |  7.6
Stealth        | 2 3 4 |  4.2
Dodging        | 3 4 |  4.7
Fighting       | 3 4 |  4.4

Action                   |  1- 3 |  4- 6 |  7- 9 || total
-------------------------+-------+-------+-------++-------
 Fire: Shortbow          |    99 |   189 |   117 ||   405
  Use: Scroll            |       |       |     2 ||     2
       Potion            |       |       |     1 ||     1
Armor: Leather armour    |     6 |    14 |     2 ||    22
       Robe              |       |       |    15 ||    15
Dodge: Dodged            |    40 |    52 |    62 ||   154
